 Dungeon Crawl Stone Soup version 0.30.1-3-gfc49f6343a (webtiles) character file.

Game seed: 11021288413982938481

4574 Erymatos the Cleaver (level 10, -3/90 HPs)
             Began as a Minotaur Berserker on July 25, 2023.
             Was a Priest of Trog.
             Slain by Maggie
             ... wielding a +0 glaive
              (10 damage)
             ... on level 6 of the Dungeon.
             The game lasted 00:08:17 (6042 turns).

Erymatos the Cleaver (Minotaur Berserker)           Turns: 6042, Time: 00:08:18

Health: -3/90      AC: 14    Str: 24    XL:     10   Next: 18%
Magic:  9/9        EV: 15    Int:  4    God:    Trog [***...]
Gold:   369        SH:  0    Dex: 12    Spells: 9/9 levels left

rFire   . . .        a - +0 hand axe
rCold   . . .        (no shield)
rNeg    . . .        l - +0 chain mail
rPois   .            (helmet restricted)
rElec   .            i - +0 cloak
rCorr   .            x - +0 pair of gloves
SInv    .            (no boots)
Will    .....        (no amulet) Stlth
                     t - +5 ring of evasion
HPRegen 0.35/turn    (no ring)
MPRegen 0.11/turn

%: no passive effects
@: mesmerised
A: horns 2, retaliatory headbutt
a: Renounce Religion, Berserk, Trog's Hand


You were on level 6 of the Dungeon.
You worshipped Trog.
Trog was most pleased with you.
You visited 1 branch of the dungeon, and saw 7 of its levels.

You collected 369 gold pieces.

Inventory:

Hand Weapons
 a - a +0 hand axe (weapon)
Armour
 i - a +0 cloak (worn)
 l - a +0 chain mail (worn)
 x - a +0 pair of gloves (worn)
Jewellery
 t - a +5 ring of evasion (left hand)
Wands
 p - a wand of paralysis (12)
 q - a wand of flame (30)
 w - a wand of light (21)
 y - a wand of iceblast (24)
Scrolls
 b - 3 scrolls of magic mapping {unknown}
 c - 9 scrolls of identify {unknown}
 e - 3 scrolls of poison {unknown}
 h - 4 scrolls of teleportation {unknown}
 j - a scroll of acquirement {unknown}
 o - 2 scrolls of enchant armour {unknown}
 r - 3 scrolls of immolation {unknown}
 s - a scroll of vulnerability {unknown}
 u - 2 scrolls of torment {unknown}
 z - a scroll of brand weapon {unknown}
 A - a scroll of amnesia {unknown}
 B - a scroll of fog {unknown}
Potions
 d - 4 potions of haste {unknown}
 f - 2 potions of lignification {unknown}
 g - a potion of heal wounds {unknown}
 k - a potion of invisibility {unknown}
 m - 3 potions of curing {unknown}
 n - 2 potions of mutation {unknown}
 v - a potion of might {unknown}
 C - a potion of flight {unknown}


   Skills:
 + Level 8.8 Fighting
 + Level 12.8 Axes
 + Level 9.2 Armour
 + Level 4.6 Dodging
 - Level 0.6 Stealth


You had 9 spell levels left.
You didn't know any spells.
Your spell library was empty.

Dungeon Overview and Level Annotations

Branches:
Dungeon (7/15)
 Temple: D:4-7

Altars:
Fedhas
Gozag
Hepliaklqana
Makhleb
Nemelex Xobeh
Sif Muna
Wu Jian
Xom
Yredelemnul
Zin
The Shining One

Shops:
D:3 *

Annotations:
D:6 Maggie


Innate Abilities, Weirdness & Mutations

You have a pair of horns on your head.
You reflexively headbutt those who attack you in melee.


Message History

* * * LOW HITPOINT WARNING * * *
The orc priest hits you but does no damage.
You hit Maggie but do no damage. You headbutt Maggie, but do no damage.
Maggie is lightly wounded.
You hit the orc priest but do no damage.
The orc priest misses you. You furiously retaliate!
You headbutt the orc priest!
You kill the orc priest!
Trog accepts your kill.
Maggie points at you and mumbles some strange words.
The bolt of fire misses you.
You slash Maggie!
Maggie is moderately wounded.
You hit Maggie. Your headbutt misses Maggie.
Maggie is moderately wounded.
Maggie casts a spell at you. The bolt of fire hits you!
* * * LOW HITPOINT WARNING * * *
You hit Maggie but do no damage.
Maggie is moderately wounded.
Maggie barely misses you.
Unknown command.
You barely miss Maggie. Your headbutt misses Maggie.
Maggie is moderately wounded.
You closely miss Maggie.
Maggie is moderately wounded.
Maggie hits you with a +0 glaive.
* * * LOW HITPOINT WARNING * * *
Unknown command.
You slash Maggie! You headbutt Maggie.
Maggie is heavily wounded.
Maggie hits you but does no damage.
You hit Maggie but do no damage. Your headbutt misses Maggie.
Maggie is heavily wounded.
You recover from your berserk rage.
Unknown command.
You hit Maggie.
Maggie is heavily wounded.
Maggie hits you with a +0 glaive!
You die...

###### #....######
#.........##
#........... ########
#....)......
.......######.).@@......
.................)......
##.##########...........
#.# #.......##.. #.#
#.......# . #.#
####....# #.# ..<..# #.#
.....# #.# ..


You could see Maggie (mesmerising).

Vanquished Creatures
  2 two-headed ogres
  Pikel (D:4)
  A kobold demonologist (D:5)
  Prince Ribbit (D:6)
  Sigmund (D:4)
  A vampire mosquito (D:5)
  Menkaure (D:6)
  Edmund (D:4)
  2 water moccasins
  Duvessa (D:5)
  2 orc warriors
  2 black bears
  2 ogres (D:5)
  2 centaurs (D:5)
  2 lemures (D:4)
  A bullfrog (D:6)
  Dowan (D:5)
  3 hounds (D:5)
  6 orc priests
  Ijyb (D:4)
  A jelly (D:5)
  Jessica (D:3)
  4 iguanas
  Crazy Yiuf (D:3)
  Natasha (thrice) (D:2)
  3 orc wizards
  Robin (D:3)
  A gnoll (D:6)
  11 adders
  A shadow imp (D:6)
  A white imp (D:5)
  4 ufetubi
  2 worms
  A dart slug (D:5)
  24 orcs
  A bat (D:2)
  5 endoplasms
  2 giant cockroaches
  16 goblins
  9 hobgoblins
  2 jackals (D:2)
  12 kobolds
  3 quokkas
  9 ball pythons
  5 frilled lizards
  6 rats (D:1)
163 creatures vanquished.

Notes
Turn   | Place    | Note
-------+----------+-------------------------------------------
     0 | D:1      | Erymatos the Minotaur Berserker began the quest for the
                  | Orb.
     0 | D:1      | Reached XP level 1. HP: 19/19 MP: 0/0
   195 | D:1      | Reached skill level 4 in Axes
   195 | D:1      | Reached XP level 2. HP: 24/27 MP: 1/1
  1136 | D:2      | Reached XP level 3. HP: 31/33 MP: 2/2
  1204 | D:2      | Noticed Natasha
  1209 | D:2      | Killed Natasha
  1319 | D:2      | Reached XP level 4. HP: 41/41 MP: 3/3
  1581 | D:2      | Reached skill level 5 in Axes
  1606 | D:2      | Noticed Natasha
  1622 | D:2      | Killed Natasha
  1796 | D:2      | Noticed Natasha
  1800 | D:2      | Killed Natasha
  1801 | D:2      | Reached XP level 5. HP: 47/47 MP: 4/4
  1825 | D:2      | Reached ** piety under Trog
  1918 | D:3      | Noticed Robin
  1931 | D:3      | Killed Robin
  2007 | D:3      | Noticed Jessica
  2014 | D:3      | Killed Jessica
  2015 | D:3      | Reached skill level 6 in Axes
  2034 | D:3      | Noticed an orc warrior
  2046 | D:3      | Killed an orc warrior
  2047 | D:3      | Reached skill level 5 in Fighting
  2047 | D:3      | Reached XP level 6. HP: 56/56 MP: 5/5
  2219 | D:3      | Found Gozag's Platinum Reserve.
  2631 | D:3      | Found an opulent altar of Gozag.
  2699 | D:3      | Found a runed translucent door.
  2700 | D:3      | Noticed Crazy Yiuf
  2846 | D:3      | Killed Crazy Yiuf
  2847 | D:3      | Reached skill level 7 in Axes
  2954 | D:4      | Noticed Edmund
  2977 | D:4      | Killed Edmund
  2978 | D:4      | Reached XP level 7. HP: 19/61 MP: 6/6
  3268 | D:4      | Noticed Pikel
  3282 | D:4      | Killed Pikel
  3283 | D:4      | Reached skill level 8 in Axes
  3283 | D:4      | Reached skill level 5 in Armour
  3283 | D:4      | Reached XP level 8. HP: 70/70 MP: 7/7
  3493 | D:4      | Noticed Sigmund
  3507 | D:4      | Killed Sigmund
  3508 | D:4      | Reached skill level 9 in Axes
  3888 | D:4      | Noticed Ijyb
  3904 | D:4      | Killed Ijyb
  4101 | D:5      | Entered Level 5 of the Dungeon
  4130 | D:5      | Noticed a two-headed ogre
  4146 | D:5      | Killed a two-headed ogre
  4147 | D:5      | Reached skill level 10 in Axes
  4147 | D:5      | Reached XP level 9. HP: 63/79 MP: 8/8
  4153 | D:5      | Noticed a kobold demonologist
  4162 | D:5      | Reached skill level 11 in Axes
  4171 | D:5      | Noticed an ice devil
  4171 | D:5      | Killed a kobold demonologist
  4379 | D:5      | You fall into a shaft and drop 2 floors!
  4468 | D:6      | Found a glowing silver altar of Zin.
  4469 | D:6      | Found a glowing golden altar of the Shining One.
  4471 | D:6      | Found a blossoming altar of Fedhas.
  4493 | D:6      | Found a shimmering blue altar of Sif Muna.
  4493 | D:6      | Found an ornate altar of the Wu Jian Council.
  4493 | D:6      | Found a basalt altar of Yredelemnul.
  4493 | D:6      | Found a hazy altar of Hepliaklqana.
  4494 | D:6      | Found a shimmering altar of Xom.
  4495 | D:6      | Found a burning altar of Makhleb.
  4498 | D:6      | Found a sparkling altar of Nemelex Xobeh.
  4597 | D:5      | Reached *** piety under Trog
  5169 | D:5      | Noticed Duvessa
  5170 | D:5      | Noticed Dowan
  5181 | D:5      | Killed Duvessa
  5182 | D:5      | Reached skill level 12 in Axes
  5189 | D:5      | Killed Dowan
  5700 | D:6      | Noticed Prince Ribbit
  5720 | D:6      | Killed Prince Ribbit
  5804 | D:6      | Noticed Menkaure
  5811 | D:6      | Killed Menkaure
  5815 | D:6      | Reached XP level 10. HP: 65/90 MP: 9/9
  5974 | D:6      | Noticed a two-headed ogre
  5980 | D:6      | Killed a two-headed ogre
  6020 | D:6      | Noticed Maggie
  6042 | D:6      | Slain by Maggie

Illustrated notes

Levels and vault maps discovered:
D:1:      eino_arrival_druids_welcome, layout_basic,
          ebering_dispersal_statue_hall
D:2:      layout_loops_ring, uniq_natasha
D:3:      layout_loops_ring, nicolae_gozag_zags_fifth_avenue, uniq_robin,
          uniq_jessica, uniq_crazy_yiuf_cottage
D:4:      layout_gridville, serial_rivers, chequers_serial_rivers_micro_c,
          chequers_serial_rivers_small_a, chequers_serial_rivers_small_a,
          chequers_serial_rivers_large_a, hangedman_decor_riveting, uniq_edmund,
          uniq_pikel, uniq_sigmund, uniq_ijyb
D:5:      cheibrodos_fzero, layout_basic, grunt_ministairs_2, feat_on_display,
          uniq_duvessa
D:6:      layout_basic, minitemple, uniq_menkaure, uniq_prince_ribbit1,
          uniq_maggie
D:7:      layout_cave_pools, minmay_temple_entry_mist

Skill      XL: |  1  2  3  4  5  6  7  8  9 10 |
---------------+-------------------------------+-----
Axes           | 4 5 6 7 8 10 12 | 12.8
Fighting       | 4 5 6 7 8 |  8.8
Armour         | 3 4 5 7 8 9 |  9.2
Dodging        | 3 4 |  4.6
Stealth        | |  0.6

Action                     |  1- 3 |  4- 6 |  7- 9 | 10-12 || total
---------------------------+-------+-------+-------+-------++-------
  Melee: Hand axe          |    71 |   142 |   199 |    29 ||   441
         Headbutt          |     4 |    17 |    36 |     7 ||    64
         Punch             |     1 |     2 |     4 |       ||     7
 Invoke: Berserk           |       |     4 |     5 |     1 ||    10
         Trog's Hand       |       |     1 |       |       ||     1
 Armour: Animal skin       |     4 |       |       |       ||     4
         Chain mail        |    10 |    54 |    70 |     7 ||   141
  Dodge: Dodged            |    33 |    66 |   153 |     9 ||   261
